 Dungeon Crawl Stone Soup version 0.18-a0-867-gfd1cc8f (webtiles) character file.

134 Raultor the Insei (level 5, 0/35 HPs)
             Began as an Octopode Transmuter on Dec 21, 2015.
             Succumbed to an adder's poison
             ... on level 3 of the Dungeon.
             The game lasted 00:05:26 (3109 turns).

Raultor the Insei (Octopode Transmuter)             Turns: 3109, Time: 00:05:26

Health: 0/35       AC:  1    Str: 10    XL:     5   Next: 17%
Magic:  8/8        EV: 18    Int: 20    God:
Gold:   70         SH:  0    Dex: 18    Spells: 3 memorised, 1 level left

rFire  + . .     SeeInvis .       - Unarmed
rCold  + . .     Gourm    .     (no shield)
rNeg   . . .     Faith    .     (helmet restricted)
rPois  +         Spirit   .     (no amulet)
rElec  +         Dismiss  .     d - ring of protection from magic {MR+, !d}
rCorr  +         Reflect  .     (no ring)
SustAt .         Harm     .     (no ring)
MR     +....                    (no ring)
Stlth  ++++......               (no ring)
                                (no ring)
                                (no ring)
                                (no ring)

@: brilliant, agile, lethally poisoned (0 -> -7), exhausted, resistant, very
slightly contaminated, hasted and slowed, somewhat resistant to hostile
enchantments, stealthy
A: almost no armour, amphibious, 8 rings, constrict 8, camouflage 1, gelatinous
body 1
a: no special abilities


You were on level 3 of the Dungeon.
You were hungry.

You visited 1 branch of the dungeon, and saw 3 of its levels.

You collected 70 gold pieces.

Inventory:

Missiles
 a - 39 arrows
Jewellery
 d - a ring of protection from magic (left tentacle) {MR+, !d}
   (You found it on level 1 of the Dungeon)
Wands
 k - a wand of magic darts (14/48)
   (You took it off Robin on level 2 of the Dungeon)
 p - a wand of magic darts (12/48)
   (You took it off Ijyb on level 2 of the Dungeon)
Scrolls
 i - 2 scrolls of identify {unknown}
 l - 2 scrolls of enchant armour {unknown}
 m - a scroll of random uselessness {unknown}
 r - a scroll of remove curse {unknown}
Potions
 f - a potion of haste
Books
 b - a book of Changes
Comestibles
 c - 2 bread rations {@e1}
 g - 3 meat rations {@e2}
 j - 8 fruits
 o - a royal jelly
 q - 2 chunks of flesh {@w0}


   Skills:
 + Level 2.5 Fighting
 + Level 2.9 Dodging
 * Level 4.0 Unarmed Combat
 - Level 2.0 Spellcasting
 + Level 2.6 Transmutations
 + Level 0.4 Ice Magic


You had one spell level left.
You knew the following spells:

 Your Spells              Type           Power        Failure   Level  Hunger
a - Beastly Appendage     Trmt           ###...       1%          1    #......
b - Ice Form              Ice/Trmt       ###.....     16%         4    #####..
s - Sticks to Snakes      Trmt           ###.....     1%          2    ##.....


Dungeon Overview and Level Annotations

Branches:
Dungeon (3/15)

Altars:
Dithmenos
Vehumet


Innate Abilities, Weirdness & Mutations

You cannot wear most types of armour.
You are amphibious.
You can wear up to eight rings at the same time.
You can use your tentacles to constrict eight enemies at once.
Your skin changes colour to match your surroundings (Stealth).
Your rubbery body absorbs attacks (AC +1).


Message History

Found a stone staircase leading up.
r - a scroll labeled DISA QAURUI
s - a smoky golden potion
Found a stone staircase leading up.
You open the door.
A bat and an adder come into view.
There is an open door here.
The bat hits you but does no damage.
You tentacle-slap the bat. You grab the bat. You constrict the bat.
You kill the bat!
The helpless adder fails to defend itself.
You tentacle-slap the adder. Your grab misses the adder. The adder bites you.
You are poisoned.
The adder poisons you!
You take 4 damage, and have 26/35 hp.
You tentacle-slap the adder but do no damage.
Your grab misses the adder. Your squeeze misses the adder.
You feel sick. The adder bites you.
You are more poisoned.
The adder poisons you! The adder bites you.
You take 9 damage, and have 17/35 hp.
MASSIVE DAMAGE!!
You closely miss the adder. Your grab misses the adder. You squeeze the adder.
You feel sick. The adder bites you.
You take 2 damage, and have 15/35 hp.
You miss the adder. Your grab misses the adder. Your squeeze misses the adder.
The adder bites you but does no damage.
You closely miss the adder. Your grab misses the adder.
You feel sick. The adder closely misses you.
You take 1 damage, and have 14/35 hp.
You tentacle-slap the adder but do no damage.
Your grab misses the adder.
You feel sick. The adder bites you.
* * * LOW HITPOINT WARNING * * *
You are lethally poisoned!
The adder poisons you!
You take 5 damage, and have 9/35 hp.
You tentacle-slap the adder but do no damage.
Your grab misses the adder. The adder bites you.
* * * LOW HITPOINT WARNING * * *
You are more poisoned.
The adder poisons you! The adder misses you.
You take 1 damage, and have 8/35 hp.
Drink which item? (? for menu, Esc to quit)
It was a potion of haste.
You feel yourself speed up.
* * * LOW HITPOINT WARNING * * *
You feel sick. The adder closely misses you.
You are very lightly contaminated with residual magic.
You take 1 damage, and have 7/35 hp.
Drink which item? (? for menu, Esc to quit)
Okay, then.
You tentacle-slap the adder. Your grab misses the adder.
* * * LOW HITPOINT WARNING * * *
You feel sick. The adder bites you.
* * * LOW HITPOINT WARNING * * *
You take 2 damage, and have 5/35 hp.
Unknown command.
You closely miss the adder. Your grab misses the adder.
* * * LOW HITPOINT WARNING * * *
You feel sick.
You take 1 damage, and have 4/35 hp.
You tentacle-slap the adder.
You kill the adder!
Drink which item? (? for menu, Esc to quit)
It was a potion of berserk rage.
A red film seems to cover your vision as you go berserk!
You feel yourself moving faster!
You feel mighty!
* * * LOW HITPOINT WARNING * * *
You feel sick.
You now have 5/52 hp.
You are too berserk!
Unknown command.
You are too berserk!
There is a lethal amount of poison in your body!
Unknown command.
There is a lethal amount of poison in your body!
Unknown command.
You feel a strong urge to attack something.
* * * LOW HITPOINT WARNING * * *
You feel sick.
You take 1 damage, and have 4/52 hp.
You feel your anger subside.
You are no longer berserk.
You are exhausted.
You feel yourself slow down.
You are feeling hungry.
* * * LOW HITPOINT WARNING * * *
You feel sick.
You now have 2/35 hp.
Drink which item? (? for menu, Esc to quit)
It was a potion of resistance.
You feel protected.
* * * LOW HITPOINT WARNING * * *
You feel sick.
You take 1 damage, and have 1/35 hp.
Drink which item? (? for menu, Esc to quit)
It was a potion of agility.
You feel agile all of a sudden.
Drink which item? (? for menu, Esc to quit)
It was a potion of brilliance.
You feel clever all of a sudden.
You die...

#.....#....#.#
#.....#......#
#.....#....###
#.....###'###
####.....##....#
#...#######....#
#.#.# #....#
#.#.# #.@..#
#<#.# #....+
###.# #....# ..#
#....# ...
...... ###
########


There were no monsters in sight!

Vanquished Creatures
  Ijyb (D:2)
  Robin (D:2)
  3 adders
  3 giant cockroaches (D:1)
  13 goblins
  16 hobgoblins
  3 jackals (D:1)
  10 kobolds
  A quokka (D:2)
  A ball python (D:1)
  6 bats
  A giant gecko (D:1)
  4 giant newts
  6 rats
69 creatures vanquished.

Notes
Turn   | Place    | Note
--------------------------------------------------------------
     0 | D:1      | Raultor the Octopode Transmuter began the quest for the Orb.
     0 | D:1      | Reached XP level 1. HP: 13/13 MP: 3/3
   260 | D:1      | HP: 1/13 [kobold/club (4)]
   262 | D:1      | Reached XP level 2. HP: 1/18 MP: 5/5
   752 | D:1      | Learned a level 2 spell: Sticks to Snakes
  1185 | D:1      | Reached XP level 3. HP: 23/23 MP: 6/6
  1656 | D:2      | Noticed Robin
  1659 | D:2      | HP: 1/24 [Robin/wand of magic darts (8)]
  1948 | D:2      | HP: 3/24 [Robin/wand of magic darts (6)]
  2201 | D:2      | Killed Robin
  2207 | D:1      | Reached XP level 4. HP: 8/29 MP: 7/7
  2208 | D:1      | HP: 7/29 [goblin/dagger[Robin] (2)]
  2455 | D:2      | Reached skill level 2 in Fighting
  2500 | D:2      | Found a shadowy altar of Dithmenos.
  2566 | D:2      | Noticed Ijyb
  2572 | D:2      | Killed Ijyb
  2572 | D:2      | Reached skill level 4 in Unarmed Combat
  2728 | D:2      | Found a radiant altar of Vehumet.
  2826 | D:2      | Reached XP level 5. HP: 26/35 MP: 8/8
  2949 | D:2      | Learned a level 4 spell: Ice Form
  3098 | D:3      | HP: 8/35 [adder (1)]
  3103 | D:3      | HP: 5/52 [poisoned by an adder]
  3106 | D:3      | HP: 2/35 [poisoned by an adder]
  3109 | D:3      | Succumbed to an adder's poison

Vault maps used:
D:1:      eino_arrival_tree_alley
D:2:      lemuel_doored_altar, nicolae_dithmenos_through_a_glass_darkly,
          first_bread, uniq_robin, uniq_iyjb
D:3:      marbit_many_paths, lemuel_crystal_altar, uniq_jessica, uniq_sigmund

Action                   |  1- 3 |  4- 6 || total
-------------------------+-------+-------++-------
Melee: Unarmed           |    91 |    62 ||   153
  Use: Potion            |       |     5 ||     5
 Stab: Sleeping          |     9 |     3 ||    12
       Distracted        |     1 |       ||     1
  Eat: Chunk             |     4 |     3 ||     7

Vault maps used:
D:1:      eino_arrival_tree_alley
D:2:      lemuel_doored_altar, nicolae_dithmenos_through_a_glass_darkly,
          first_bread, uniq_robin, uniq_iyjb
D:3:      marbit_many_paths, lemuel_crystal_altar, uniq_jessica, uniq_sigmund

Table legend:
 A = Turns spent in this place as a percentage of turns spent in the entire game.
 B = Non-inter-level travel turns spent in this place as a percentage of non-inter-level travel turns spent in the entire game.
 C = Inter-level travel turns spent in this place as a percentage of turns spent in this place.
 D = Turns resting spent in this place as a percentage of non-inter-level travel turns spent in this place.
 E = Turns spent auto-exploring this place as a percentage of non-inter-level travel turns spent in this place.
 F = Non-inter-level travel turns spent in this place divided by the number of levels of this place that you've seen.
                   A       B       C       D       E      F
               +-------+-------+-------+-------+-------+----------------------
         Total | 100.0 | 100.0 |   0.6 |   4.4 |  11.6 | 172.7
       Dungeon | 100.0 | 100.0 |   0.6 |   4.4 |  11.6 | 172.7
               +-------+-------+-------+-------+-------+----------------------

Table legend:
 A = Kills in this place as a percentage of kills in entire the game.
 B = Kills by you in this place as a percentage of kills by you in the entire game.
 C = Kills by friends in this place as a percentage of kills by friends in the entire game.
 D = Other kills in this place as a percentage of other kills in the entire game.
 E = Experience gained in this place as a percentage of experience gained in the entire game.
 F = Experience gained in this place divided by the number of levels of this place that you have seen.
                   A       B       C       D       E      F
               +-------+-------+-------+-------+-------+----------------------
         Total | 100.0 | 100.0 |  -nan |  -nan | 100.0 |  64.0
       Dungeon | 100.0 | 100.0 |  -nan |  -nan | 100.0 |  64.0
               +-------+-------+-------+-------+-------+----------------------
